 Dungeon Crawl Stone Soup version 0.22-a0-429-g97ce8ef (webtiles) character file.

13909 profreshinal the Thaumaturge (level 12, -8/86 HPs)
             Began as a Human Venom Mage on May 25, 2018.
             Was a High Priest of Sif Muna.
             Killed by divine providence
             ... invoked by an orc high priest
              (15 damage)
             ... on level 2 of the Orcish Mines.
             The game lasted 01:55:21 (12674 turns).

profreshinal the Thaumaturge (Human Venom Mage)    Turns: 12674, Time: 01:55:28

Health: -8/86      AC:  7    Str: 10    XL:     12   Next: 38%
Magic:  20/34      EV: 15    Int: 20    God:    Sif Muna [*****.]
Gold:   1015       SH:  0    Dex: 13    Spells: 13/29 levels left

rFire    . . .     SeeInvis .   a - +2 dagger (venom)
rCold    . . .     Gourm    .   (no shield)
rNeg     . . .     Faith    .   E - +2 robe {MR+}
rPois    .         Spirit   .   m - +1 helmet
rElec    .         Reflect  .   (no cloak)
rCorr    .         Harm     .   h - +0 pair of gloves
MR       +....                  (no boots)
Stlth    +.........             (no amulet)
HPRegen  0.24/turn              J - ring of magical power
MPRegen  0.24/turn              (no ring)

@: confused, liquid flames, radiating poison, glowing, divine energy
A: no striking features
a: Stop Divine Energy, Channel Magic, Forget Spell, Renounce Religion


You were on level 2 of the Orcish Mines.
You worshipped Sif Muna.
Sif Muna was extremely pleased with you.
You were not hungry.

You visited 3 branches of the dungeon, and saw 14 of its levels.
You also visited: Labyrinth and Ossuary.

You collected 1142 gold pieces.
You spent 127 gold pieces at shops.

Inventory:

Hand Weapons
 a - a +2 dagger of venom (weapon)
 b - a +1 falchion of electrocution
 f - the +10 dagger of Xasm {freeze, MR++ Stlth-}
   (You found it on level 10 of the Dungeon)

   It has been specially enchanted to freeze those struck by it, causing extra
   injury to most foes and up to half again as much damage against particularly
   susceptible opponents.
   It can also slow down cold-blooded creatures.
   It affects your resistance to hostile enchantments.
   It makes you less stealthy.
Missiles
 L - 17 javelins of penetration (quivered)
Armour
 h - a +0 pair of gloves (worn)
 m - a +1 helmet (worn)
 E - a +2 robe of magic resistance (worn)
Magical Staves
 R - an uncursed staff of conjuration
Jewellery
 d - an uncursed ring of positive energy
 J - a ring of magical power (left hand)
Wands
 s - a wand of polymorph (36)
 y - a wand of disintegration (7)
 D - a wand of paralysis (10)
 G - a wand of iceblast (10)
 N - a wand of digging (12)
Scrolls
 e - 4 scrolls of enchant armour
 g - 10 scrolls of identify
 i - 9 scrolls of teleportation
 j - 6 scrolls of immolation {unknown}
 k - 2 scrolls of fog {unknown}
 l - a scroll of noise {unknown}
 o - 4 scrolls of enchant weapon {unknown}
 q - a scroll of blinking
 r - 4 scrolls of fear {unknown}
 v - 4 scrolls of remove curse
 H - a scroll of silence {unknown}
 I - a scroll of summoning {unknown}
Potions
 n - 3 potions of curing
 p - 4 potions of might
 u - a potion of degeneration {unknown}
 w - a potion of agility
 z - 2 potions of mutation {unknown}
 A - a potion of lignification {unknown}
 B - 2 potions of flight {unknown}
 C - a potion of experience {unknown}
 F - a potion of invisibility {unknown}
Comestibles
 c - 15 rations


   Skills:
 + Level 5.0 Fighting
 + Level 5.4(6.5) Short Blades
 + Level 5.2(6.4) Long Blades
 + Level 6.0 Dodging
 + Level 6.1 Stealth
 - Level 9.1 Spellcasting
 * Level 3.8 Conjurations
 + Level 6.4 Air Magic
 + Level 9.1 Poison Magic
 + Level 0.8 Evocations


You had 13 spell levels left.
You knew the following spells:

 Your Spells              Type           Power        Failure   Level  Hunger
a - Sting                 Conj/Pois      ####         1%          1    None
b - Poisonous Vapours     Pois/Air       #####.       1%          2    None
c - Mephitic Cloud        Conj/Pois/Air  #####...     1%          3    None
d - Olgreb's Toxic Radia  Pois           #####...     1%          4    ###....
e - Summon Butterflies    Summ           #.......     8%          1    None
f - Venom Bolt            Conj/Pois      #####.....   14%         5    #####..

Your spell library contained the following spells:

 Spells                   Type           Power        Failure   Level  Hunger
 Cause Fear               Hex            #.........   58%         4    ###....
 Slow                     Hex            #.......     12%         2    None
 Summon Ice Beast         Ice/Summ       #.......     58%         4    ###....
 Ozocubu's Armour         Chrm/Ice       #.......     22%         3    None
 Agony                    Necr           #.......     91%         5    #####..
 Call Canine Familiar     Summ           #.......     22%         3    None
 Corona                   Hex            #......      8%          1    None
 Portal Projectile        Hex/Tloc       #.....       22%         3    None
 Leda's Liquefaction      Hex/Erth       #.........   58%         4    ###....
 Summon Hydra             Summ           #.........   100%        7    #######
 Inner Flame              Hex/Fire       #.......     22%         3    None
 Iskenderun's Battlesphe  Conj/Chrm      ###.....     67%         5    #####..
 Song of Slaying          Chrm           #.......     12%         2    None
 Summon Mana Viper        Hex/Summ       #.......     91%         5    #####..


Dungeon Overview and Level Annotations

Branches:
Dungeon (10/15)            Temple (0/1) D:7            Lair (2/6) D:9
    Orc (2/2) D:10            Elf (0/3) Orc:2
  Swamp: Lair:2-4    Shoals: Lair:2-4     Snake: Lair:2-4    Spider: Lair:2-4

Altars:
Ashenzari
Dithmenos
Fedhas
Kikubaaqudgha
Okawaru
Sif Muna
Trog
Vehumet
The Shining One
Beogh

Shops:
D:9 ?

Annotations:
D:6 Jynxie's ghost, novice MiWn
Orc:2 1 exclusion


Message History

Sif Muna accepts your kill.
The orc wizard is poisoned.
You are confused.
You feel invigorated.
You are covered in liquid flames!
* * * LOW HITPOINT WARNING * * *
The orc high priest looks as sick as possible!
You kill the orc warrior!
Sif Muna accepts your kill.
The orc wizard points at you and mumbles some strange words.
The magic dart hits you!
* * * LOW HITPOINT WARNING * * *
You are covered in liquid flames!
* * * LOW HITPOINT WARNING * * *
You kill the orc wizard!
Sif Muna accepts your kill.
Sif Muna will gift you books as you gain piety.
The orc high priest calls down the wrath of Beogh upon you.
Beogh smites you!
You die...

..........[............<...[..#..
..........#....)#.#..#......[#...
..........[...........##).....#..
.......[........#......###.......
....................#.## ###.....
..............#.#..#### #.#....<
.....#.............# ##......
.....#..####....(.## ###......
,..,,#.#*,∩#....@.# #........
8.,,8##*,,,#....3## ##.......
,,,,,**,,,*#.....##### ##......#.
,,,,,*,,,**#..(...##.###......##.
,,,,,,,,** ###.#)##...........##.
,,,,,,,******#)...##.#........###
,,,,,,,..)84.4o...###..#......# #
,,,,,,,.oo..)...)## ##.##.....###
,,_,,,,.o..o...### #####.....#.


You could see an orc high priest, an orange demon and a smoke demon.

Vanquished Creatures
  A minotaur (Lab)
  2 two-headed ogres
  Erica (D:8)
  An unseen horror (D:10)
  2 orc knights (Orc:2)
  2 orc sorcerers (Orc:2)
  A manticore (D:10)
  A black mamba (Lair:1)
  A centaur skeleton (D:10)
  4 hippogriffs
  Sigmund (D:2)
  5 yaks (Lair:1)
  Grum (D:8)
  The ghost of Jynxie the Insei, an amateur DgTm (D:4)
  2 water moccasins (Lair:1)
  2 porcupines (Lair:1)
  A black bear (D:10)
  8 orc warriors
  A sky beast (D:8)
  2 necrophages
  A swamp drake (D:5)
  7 ogres
  4 wolves (D:8)
  4 centaurs
  2 crocodiles
  2 elf zombies (Ossuary)
  2 bullfrogs
  A wyvern zombie (D:10)
  A gnoll sergeant (D:8)
  5 scorpions
  A wyvern skeleton (D:10)
  5 killer bees (D:10)
  11 wights
  3 howler monkeys (D:7)
  3 crimson imps
  4 bullfrog zombies
  6 hounds
  A quasit (D:8)
  9 orc priests
  11 orc wizards
  An iguana (D:9)
  5 worker ants
  Ijyb (D:4)
  5 ogre zombies (Ossuary)
  2 hound zombies
  7 mummies (Ossuary)
  A hound skeleton (D:9)
  A worker ant zombie (D:6)
  Robin (D:2)
  11 adders
  15 gnolls
  4 shadow imps
  2 oozes
  An adder zombie (Ossuary)
  6 worms
  2 dart slugs
  7 leopard geckos
  52 orcs
  A ball python (D:1)
  3 bats
  5 giant cockroaches
  A gnoll zombie (Ossuary)
  13 goblins
  4 hobgoblins
  19 jackals
  4 quokkas
  5 frilled lizards
  A hobgoblin zombie (Ossuary)
  A jackal skeleton (D:5)
  A jackal zombie (D:7)
  10 kobolds
  5 kobold zombies (Ossuary)
  2 leopard gecko skeletons
  An orc zombie (Ossuary)
  A quokka skeleton (D:4)
  9 quokka zombies (Ossuary)
  8 rats
  5 rat zombies (Ossuary)
346 creatures vanquished.

Vanquished Creatures (others)
  An orc wizard (D:5)
1 creature vanquished.

Grand Total: 347 creatures vanquished

Notes
Turn   | Place    | Note
-------+----------+-------------------------------------------
     0 | D:1      | profreshinal the Human Venom Mage began the quest for the Orb.
     0 | D:1      | Reached XP level 1. HP: 13/13 MP: 3/3
   135 | D:1      | Reached XP level 2. HP: 19/19 MP: 1/5
   486 | D:2      | Noticed Sigmund
   492 | D:1      | Learned a level 2 spell: Poisonous Vapours
  1086 | D:2      | Reached XP level 3. HP: 22/24 MP: 4/6
  1437 | D:3      | Noticed a phantom
  1485 | D:2      | Noticed Robin
  1573 | D:2      | Killed Robin
  1573 | D:2      | Reached XP level 4. HP: 30/30 MP: 3/8
  1663 | D:2      | Killed Sigmund
  1663 | D:2      | Reached XP level 5. HP: 36/36 MP: 8/10
  1663 | D:2      | Reached XP level 6. HP: 42/42 MP: 8/11
  1708 | D:2      | Learned a level 3 spell: Mephitic Cloud
  1843 | D:2      | Reached skill level 1 in Short Blades
  2071 | D:3      | Reached skill level 1 in Air Magic
  2648 | D:4      | Reached XP level 7. HP: 47/47 MP: 7/13
  2711 | D:4      | Noticed Ijyb
  2760 | D:4      | Noticed Jynxie's ghost (amateur DgTm)
  2916 | D:4      | Killed Ijyb
  2940 | D:4      | Reached skill level 1 in Fighting
  3343 | D:4      | Killed Jynxie's ghost
  3361 | D:4      | Found a deep blue altar of Sif Muna.
  3366 | D:4      | Became a worshipper of Sif Muna the Loreminder
  3531 | D:5      | Entered Level 5 of the Dungeon
  3563 | D:5      | Reached XP level 8. HP: 33/54 MP: 14/14
  3811 | D:5      | Reached skill level 5 in Poison Magic
  4100 | D:5      | Found a blossoming altar of Fedhas.
  4517 | D:6      | Reached skill level 5 in Spellcasting
  4568 | D:6      | Noticed Jynxie's ghost (novice MiWn)
  4616 | D:7      | Reached * piety under Sif Muna
  4739 | D:7      | Reached XP level 9. HP: 53/62 MP: 10/16
  4786 | D:7      | Found a sand-covered staircase.
  4794 | Ossuary  | Entered an ossuary
  5154 | Ossuary  | Reached skill level 1 in Long Blades
  6130 | D:6      | Found a radiant altar of Vehumet.
  6279 | D:6      | HP: 3/62 [Jynxie's ghost (22)]
  6398 | D:7      | Found an ancient bone altar of Kikubaaqudgha.
  6401 | D:7      | Found a shattered altar of Ashenzari.
  6410 | D:7      | Got a fine quarterstaff
  6411 | D:7      | Identified the +5 quarterstaff "Cakad" {crush, -Tele Dex+6} (You found it on level 7 of the Dungeon)
  6594 | D:7      | Found a staircase to the Ecumenical Temple.
  6878 | D:8      | Noticed a hippogriff
  6895 | D:8      | Killed a hippogriff
  6934 | D:8      | Reached ** piety under Sif Muna
  6941 | D:8      | Learned a level 4 spell: Olgreb's Toxic Radiance
  7111 | D:8      | Noticed Grum
  7121 | D:8      | Reached XP level 10. HP: 14/70 MP: 3/19
  7134 | D:8      | Killed Grum
  7185 | D:8      | Noticed Erica
  7449 | D:8      | Killed Erica
  7827 | D:9      | Found a bloodstained altar of Trog.
  7856 | D:9      | Noticed a two-headed ogre
  7908 | D:9      | Killed a two-headed ogre
  7908 | D:9      | Reached *** piety under Sif Muna
  7908 | D:9      | Reached skill level 5 in Stealth
  8003 | D:9      | Found a staircase to the Lair.
  8066 | D:9      | Found Buademus's Magic Scroll Shoppe.
  8089 | D:9      | Bought a scroll of random uselessness for 15 gold pieces
  8089 | D:9      | Bought a scroll of blinking for 112 gold pieces
  8175 | D:9      | Found a roughly hewn altar of Beogh.
  8177 | D:9      | Reached skill level 5 in Air Magic
  8185 | D:9      | Reached skill level 5 in Short Blades
  8196 | D:9      | Reached skill level 5 in Dodging
  8204 | D:9      | Reached XP level 11. HP: 39/76 MP: 0/21
  8480 | D:9      | Found a glowing golden altar of the Shining One.
  8480 | D:9      | Found a faded altar of an unknown god.
  8485 | D:9      | Found a faded altar of an unknown god.
  8487 | D:9      | Found a shadowy altar of Dithmenos.
  8489 | D:9      | Found an iron altar of Okawaru.
  8538 | D:10     | Entered Level 10 of the Dungeon
  8554 | D:10     | Got an ivory dagger
  8562 | D:10     | Learned a level 1 spell: Summon Butterflies
  8701 | Lair:1   | Entered Level 1 of the Lair of Beasts
  8738 | Lair:1   | Noticed a six-headed hydra
  8795 | Lair:1   | Learned a level 5 spell: Venom Bolt
  9336 | Lair:1   | Reached **** piety under Sif Muna
  9841 | D:10     | Found a staircase to the Orcish Mines.
  9913 | D:10     | Noticed a manticore
  9929 | D:10     | Killed a manticore
 10290 | D:10     | Noticed a two-headed ogre
 10337 | D:10     | Killed a two-headed ogre
 10337 | D:10     | Reached skill level 5 in Long Blades
 11026 | D:10     | Killed an unseen horror
 11293 | Orc:1    | Entered Level 1 of the Orcish Mines
 11308 | Orc:2    | Entered Level 2 of the Orcish Mines
 11353 | Orc:1    | Noticed an orc knight
 11375 | Orc:2    | Killed an orc knight
 11375 | Orc:2    | Reached XP level 12. HP: 25/85 MP: 19/24
 11576 | Orc:2    | Found a staircase to the Elven Halls.
 11582 | Orc:2    | Found a labyrinth entrance.
 11599 | Lab      | Entered a labyrinth
 11761 | Lab      | Noticed a minotaur
 11792 | Lab      | Killed a minotaur
 11792 | Lab      | Reached ***** piety under Sif Muna
 11792 | Lab      | Reached skill level 5 in Fighting
 11837 | Lab      | Identified the +10 dagger of Xasm {freeze, MR++ Stlth-} (You found it on level 10 of the Dungeon)
 12285 | Orc:2    | Identified Sif Muna's Handbook of Assistive Evil Magic (Sif Muna gifted it to you on level 2 of the Orcish Mines)
 12285 | Orc:2    | Received a gift from Sif Muna
 12485 | Orc:2    | Noticed a soul eater
 12660 | Orc:2    | Noticed an orc high priest
 12673 | Orc:2    | HP: 2/86 [burnt (6)]
 12674 | Orc:2    | Killed from afar by an orc high priest

Vault maps used:
D:1:      minmay_arrival_four_loops
D:2:      st_stairs_1, uniq_robin, uniq_sigmund
D:3:      columned_hall_lemuel
D:4:      led_sif_book, first_ration, grunt_decor_cap, palyth_stone_intersect,
          uniq_ijyb
D:5:      fedhas_altar_4
D:6:      vehumet_crystals, corner_web_ring, uniq_menkaure
D:7:      grunt_temple_overflow_open, minmay_temple_entry_mist,
          chequers_ossuary_entry_cave
D:8:      uniq_erica, uniq_grum
D:9:      lemuel_crystal_altar, chequers_temple_overflow_minitemple,
          lair_entry_dummy, serial_shops, shop
D:10:     david_orc_3
Lair:1:   grunt_megastairs_3
Lair:2:   minmay_snake_entry_guardpost_medium, grunt_megastairs_1
Orc:2:    grunt_orc_cross, lab_entry_generic
Ossuary:  ossuary_boxes_badplayer

Skill      XL: |  1  2  3  4  5  6  7  8  9 10 11 12 |
---------------+-------------------------------------+-----
Spellcasting   | 3 4 5 6 7 8 9 |  9.1
Conjurations   | 2 3 |  3.8
Poison Magic   | 4 5 7 8 9 |  9.1
Short Blades   | 1 2 4 5 |  5.4
Air Magic      | 1 2 3 5 6 |  6.4
Fighting       | 1 2 3 4 5 |  5.0
Dodging        | 3 4 5 6 |  6.0
Stealth        | 3 4 5 6 |  6.1
Long Blades    | 3 4 5 |  5.2
Evocations     | |  0.8

Action                   |  1- 3 |  4- 6 |  7- 9 | 10-12 || total
-------------------------+-------+-------+-------+-------++-------
Melee: Dagger            |    18 |    95 |   243 |   167 ||   523
       Falchion          |       |       |   189 |   123 ||   312
 Cast: Sting             |    40 |    23 |    13 |    12 ||    88
       Poisonous Vapours |     5 |    21 |    54 |    62 ||   142
       Mephitic Cloud    |       |     5 |     7 |    20 ||    32
       Olgreb's Toxic Ra |       |       |     4 |    36 ||    40
       Venom Bolt        |       |       |       |     2 ||     2
Invok: Divine Energy     |       |       |       |     2 ||     2
       Stop Divine Energ |       |       |       |     1 ||     1
Evoke: Wand              |       |       |     6 |     2 ||     8
  Use: Potion            |       |     3 |     8 |     4 ||    15
       Scroll            |       |       |     7 |     3 ||    10
 Stab: Confused          |       |     2 |     2 |     8 ||    12
       Sleeping          |       |       |    20 |     5 ||    25
       Paralysed         |       |       |       |     1 ||     1
  Eat: Chunk             |     3 |     4 |    10 |    19 ||    36
       Ration            |       |       |     2 |     1 ||     3
Armor: Robe              |     4 |    14 |    60 |    80 ||   158
Dodge: Dodged            |    19 |    57 |   224 |   192 ||   492
       Rpst.: Falchion   |       |       |    31 |    22 ||    53

Table legend:
 A = Spawn XP
 B = Non-spawn XP
 C = Spawn XP percentage of total XP
 D = Spawn monster count
 E = Non-spawn monster count
 F = Spawn count percentage of total count
 G = Total turns spent on level
                    A         B        C        D         E        F      G
               +---------+---------+-------+---------+---------+-------+---------
         Total |       0 |   19871 |   0.0 |       0 |     347 |   0.0 | 12674
               +---------+---------+-------+---------+---------+-------+---------
           D:1 |       0 |      29 |   0.0 |       0 |      18 |   0.0 |  1265
           D:2 |       0 |     326 |   0.0 |       0 |      27 |   0.0 |   724
           D:3 |       0 |     135 |   0.0 |       0 |      31 |   0.0 |   616
           D:4 |       0 |     467 |   0.0 |       0 |      19 |   0.0 |   926
           D:5 |       0 |     611 |   0.0 |       0 |      22 |   0.0 |   824
           D:6 |       0 |     367 |   0.0 |       0 |      13 |   0.0 |   448
           D:7 |       0 |     720 |   0.0 |       0 |      20 |   0.0 |  1397
           D:8 |       0 |    2785 |   0.0 |       0 |      34 |   0.0 |   718
           D:9 |       0 |    1907 |   0.0 |       0 |      37 |   0.0 |   819
          D:10 |       0 |    4650 |   0.0 |       0 |      53 |   0.0 |  1883
        Lair:1 |       0 |    2651 |   0.0 |       0 |      13 |   0.0 |   789
         Orc:2 |       0 |    3548 |   0.0 |       0 |      22 |   0.0 |   878
           Lab |       0 |    1208 |   0.0 |       0 |       1 |   0.0 |   486
       Ossuary |       0 |     467 |   0.0 |       0 |      37 |   0.0 |   882
               +---------+---------+-------+---------+---------+-------+---------
